 Dungeon Crawl Stone Soup version 0.22-a0-422-g9628fc8 (webtiles) character file.

487 Gorglomux the Covered (level 6, 0/57 HPs)
             Began as a Deep Dwarf Fighter on May 20, 2018.
             Slain by an ogre
             ... wielding a +0 giant club
              (18 damage)
             ... on level 5 of the Dungeon.
             The game lasted 00:01:56 (1526 turns).

Gorglomux the Covered (Deep Dwarf Fighter)          Turns: 1526, Time: 00:01:57

Health: 0/57       AC:  9    Str: 22    XL:     6   Next: 89%
Magic:  5/5        EV:  7    Int:  8    God:
Gold:   134        SH: 10    Dex: 12    Spells: 5/5 levels left

rFire    + . .     SeeInvis .   a - +0 war axe
rCold    x . .     Gourm    .   c - +0 shield
rNeg     . . .     Faith    .   b - +0 scale mail
rPois    .         Spirit   .   (no helmet)
rElec    .         Reflect  .   (no cloak)
rCorr    .         Harm     .   m - +0 pair of gloves
MR       .....                  y - +0 pair of boots
Stlth    ..........             (no amulet)
HPRegen  0.00/turn              u - ring of fire
MPRegen  0.09/turn              (no ring)

@: non-regenerating
A: damage resistance, heal wounds, sense surroundings 1, no regeneration
a: Heal Wounds


You were on level 5 of the Dungeon.
You were not hungry.

You visited 1 branch of the dungeon, and saw 5 of its levels.

You collected 134 gold pieces.

Inventory:

Hand Weapons
 a - a +0 war axe (weapon)
Armour
 b - a +0 scale mail (worn)
 c - a +0 shield (worn)
 m - a +0 pair of gloves (worn)
 y - a +0 pair of boots (worn)
Jewellery
 u - a ring of fire (left hand)
Scrolls
 g - 3 scrolls of identify {unknown}
 h - 2 scrolls of enchant weapon {unknown}
 i - 2 scrolls of amnesia {unknown}
 n - 3 scrolls of remove curse {unknown}
 q - 3 scrolls of fear {unknown}
 s - a scroll of random uselessness {unknown}
 v - a scroll of blinking {unknown}
 z - a scroll of teleportation {unknown}
 A - a scroll of fog {unknown}
Potions
 d - 2 potions of might
 k - a potion of agility {unknown}
 l - a potion of heal wounds {unknown}
 o - 3 potions of degeneration {unknown}
 p - a potion of mutation {unknown}
 r - a potion of resistance {unknown}
 t - 3 potions of magic {unknown}
 w - a potion of flight {unknown}
Comestibles
 f - 6 rations
 x - a chunk of flesh


   Skills:
 + Level 4.2 Fighting
 + Level 4.4 Axes
 + Level 5.2 Armour
 + Level 5.1 Shields


You had 5 spell levels left.
You didn't know any spells.
Your spell library contained the following spells:

 Spells                   Type           Power        Failure   Level  Hunger
 Lightning Bolt           Conj/Air       #.........   100%        5    ######.
 Shock                    Conj/Air       #...         98%         1    ##.....
 Swiftness                Chrm/Air       #.......     99%         2    ###....
 Airstrike                Air            #.........   100%        4    #####..
 Static Discharge         Conj/Air       #.......     100%        3    ####...


Dungeon Overview and Level Annotations

Branches:
Dungeon (5/15)
 Temple: D:4-7

Altars:

Shops:
D:5 :

Annotations:
D:3 Gorglomux's ghost, amateur DDFi
D:5 CLM's ghost, amateur VSTm


Innate Abilities, Weirdness & Mutations

You are resistant to damage.
You can heal yourself by infusing magical energy.
You passively map a small area around you.
You do not regenerate.


Message History

Unknown command!
You barely miss the ogre!
The ogre is moderately wounded!
The centaur shouts!!!
You block the ogre's attack!
You closely miss the ogre!
The ogre is moderately wounded!
The ogre hits you with a giant club!!!!!!
Unknown command!
You are too injured to fight recklessly!!!
You dice the ogre like an onion!
The ogre is moderately wounded!
The ogre closely misses you!
Unknown command!
You are too injured to fight recklessly!!!
You barely miss the ogre!
The ogre is moderately wounded!
A bullfrog skeleton comes into view!
The ogre hits you with a giant club!!!!!! rip

, * *
#..#.#..........., *
#.###.>#.#........##.#
,
......................#
##.###..#.#........###*
, ..........#........,,
,,####...........#...,
* #...........#..., ,
##.###.##...#. ...#
#@#* .... , ,
#.#.###O##..... ,
........c.......
................ , ,,
,#.#............ *
#.###..#..... ,#.*
#...Z.... * ,# *
.....W... , , .W.......
* ,


You could see an ogre, a centaur, CLM's ghost (wandering) and a bullfrog
skeleton (wandering).

Vanquished Creatures
  An ogre (D:4)
  2 scorpions (D:4)
  A howler monkey (D:4)
  A hound (D:4)
  2 bullfrog skeletons (D:4)
  An orc priest (D:4)
  An orc wizard (D:4)
  A worker ant (D:4)
  4 adders
  An adder zombie (D:5)
  An adder skeleton (D:4)
  2 worms
  A dart slug (D:2)
  2 leopard geckos (D:4)
  4 orcs (D:4)
  2 giant cockroaches
  5 goblins (D:2)
  2 hobgoblins
  4 jackals (D:2)
  2 quokkas
  2 ball pythons
  5 bats
  5 frilled lizards
  3 jackal skeletons
  2 kobolds
  2 rats
59 creatures vanquished.

Notes
Turn   | Place    | Note
-------+----------+-------------------------------------------
     0 | D:1      | Gorglomux the Deep Dwarf Fighter began the quest for the Orb.
     0 | D:1      | Reached XP level 1. HP: 20/20 MP: 1/1
   245 | D:2      | Reached XP level 2. HP: 25/27 MP: 2/2
   292 | D:2      | Reached skill level 3 in Fighting
   321 | D:2      | Reached XP level 3. HP: 31/34 MP: 3/3
   460 | D:2      | Reached skill level 3 in Axes
   635 | D:3      | Noticed Gorglomux's ghost (amateur DDFi)
   685 | D:4      | Reached XP level 4. HP: 42/42 MP: 4/4
   759 | D:4      | Reached XP level 5. HP: 40/49 MP: 5/5
  1071 | D:4      | Reached XP level 6. HP: 28/57 MP: 6/6
  1363 | D:5      | Entered Level 5 of the Dungeon
  1363 | D:5      | Found Zoewolo's Book Boutique.
  1514 | D:5      | Noticed CLM's ghost (amateur VSTm)
  1526 | D:5      | Slain by an ogre

Vault maps used:
D:1:      roderic_crop_circles_arrival_small
D:2:      first_ration
D:3:      corexii_shack_village
D:5:      overflow_temple_1_default, serial_shops, shop

Skill      XL: |  1  2  3  4  5  6 |
---------------+-------------------+-----
Fighting       | 3 4 |  4.2
Axes           | 3 4 |  4.4
Armour         | 4 5 |  5.2
Shields        | 4 5 |  5.1

Action                   |  1- 3 |  4- 6 || total
-------------------------+-------+-------++-------
Melee: War axe           |   136 |    95 ||   231
 Abil: Heal Wounds       |     1 |     4 ||     5
  Eat: Chunk             |       |     3 ||     3
Armor: Scale mail        |    85 |    30 ||   115
Dodge: Dodged            |    63 |    17 ||    80
Block: Shield            |    99 |    58 ||   157

Table legend:
 A = Spawn XP
 B = Non-spawn XP
 C = Spawn XP percentage of total XP
 D = Spawn monster count
 E = Non-spawn monster count
 F = Spawn count percentage of total count
 G = Total turns spent on level
                    A         B        C        D         E        F      G
               +---------+---------+-------+---------+---------+-------+---------
         Total |       0 |     696 |   0.0 |       0 |      59 |   0.0 |  1526
               +---------+---------+-------+---------+---------+-------+---------
           D:1 |       0 |       5 |   0.0 |       0 |       4 |   0.0 |   163
           D:2 |       0 |      80 |   0.0 |       0 |      24 |   0.0 |   370
           D:3 |       0 |       6 |   0.0 |       0 |       4 |   0.0 |   129
           D:4 |       0 |     598 |   0.0 |       0 |      25 |   0.0 |   701
           D:5 |       0 |       7 |   0.0 |       0 |       2 |   0.0 |   163
               +---------+---------+-------+---------+---------+-------+---------
